 Dungeon Crawl Stone Soup version 0.16-a0-2010-g98bc240 (webtiles) character file.

63 timbw the Caller (level 4, -4/30 HPs)
             Began as a Human Summoner on Nov 9, 2014.
             Slain by Duvessa
             ... wielding a +0 rapier
              (12 damage)
             ... on level 4 of the Dungeon.
             The game lasted 00:04:11 (726 turns).

timbw the Caller (Human Summoner)                    Turns: 726, Time: 00:04:11

Health: -4/30      AC:  5    Str:  9    XL:     4   Next: 30%
Magic:  1/9        EV: 12    Int: 16    God:
Gold:   58         SH:  0    Dex: 13    Spells: 3 memorised, 3 levels left

rFire  + . .     SeeInvis .     d - +0 short sword
rCold  . . .     Clarity  .     g - +2 robe {rF+}
rNeg   + . .     SustAb   .     (no shield)
rPois  .         Gourm    .     e - +0 helmet
rElec  .         Spirit   .     (no cloak)
rCorr  .         Warding  +     (no gloves)
rMut   .         Stasis   .     (no boots)
MR     .....                    l - amulet of warding
Stlth  ++........               (no ring)
                                (no ring)

@: not resistant to hostile enchantments, unstealthy
A: no striking features
a: no special abilities


You were on level 4 of the Dungeon.
You were not hungry.

You visited 1 branch of the dungeon, and saw 4 of its levels.

You collected 58 gold pieces.

Inventory:

Hand weapons
 d - a +0 short sword (weapon)
Armour
 a - a +0 robe
 e - a +0 helmet (worn)
 g - a +2 robe of fire resistance (worn)
 i - a +0 leather armour
Jewellery
 l - an amulet of warding (around neck)
Scrolls
 b - a scroll of teleportation {unknown}
Potions
 f - a potion of haste
 h - a potion of heal wounds {unknown}
 k - 2 potions of might
 o - 2 potions of brilliance {unknown}
Comestibles
 c - a bread ration
 j - 3 chunks of flesh


   Skills:
 - Level 2.0 Dodging
 - Level 2.0 Stealth
 + Level 3.2 Spellcasting
 + Level 4.7 Summonings


You had 3 spell levels left.
You knew the following spells:

 Your Spells              Type           Power        Failure   Level  Hunger
a - Summon Small Mammal   Summ           ###.         2%          1    None
b - Call Imp              Summ           ###.....     4%          2    ##.....
c - Call Canine Familiar  Summ           ###.....     10%         3    ###....


Dungeon Overview and Level Annotations

Branches:
Dungeon (4/15)
 Temple: D:4-7

Altars:
Nemelex Xobeh

Annotations:
D:4 Duvessa


Message History

Your hound barely misses the scorpion.
The scorpion stings your hound!
Your white imp gestures at the scorpion.
The puff of frost hits the scorpion.
Duvessa hits your hound with a rapier!
Your hound dies!
Your hound's corpse disappears in a puff of smoke!
Your white imp gestures at the scorpion.
The puff of frost hits the scorpion.
Duvessa rages.
Your white imp hits the scorpion but does no damage.
The scorpion stings your white imp.
Your white imp misses the scorpion.
The scorpion stings your white imp.
Your white imp closely misses the scorpion.
The scorpion stings something.
Duvessa hits you with a rapier!
You see here a dagger.
Duvessa hits you with a rapier!
* * * LOW HITPOINT WARNING * * *
Duvessa rages.
Duvessa hits you with a rapier!
You die...

#....)......#..... .....#
#........)).###..........
#............# #.........
#.....[..÷...## #.......#
######....##..# ## #.#.#
#....###.##### #...####
#...## #.#...# ##.....
#....###.....####..5...
#.....@e..)...s........
#....####....###.......
##.#..# #..............
####.# ##............. ..
#†..###..[.... ##. ....#
##...... ##(...# #......
##...# ....... #####
#.......


You could see Duvessa (berserk) and a scorpion.

Vanquished Creatures
  An adder (D:2)
  2 giant cockroaches
  2 bats
  2 goblins
  A rat (D:2)
8 creatures vanquished.

Vanquished Creatures (collateral kills)
  Dowan (D:4)
  A worker ant (D:4)
  2 adders
  A giant gecko (D:3)
  An orc (D:4)
  2 goblins (D:1)
  2 hobgoblins
  2 jackals (D:4)
  5 kobolds
  A giant cockroach (D:3)
  A giant newt (D:4)
  A rat (D:4)
20 creatures vanquished.

Vanquished Creatures (others)
  A hound (D:4)
  A crimson imp (D:4)
  A white imp (D:4)
  A bat (D:1)
  A rat (D:1)
5 creatures vanquished.

Grand Total: 33 creatures vanquished

Notes
Turn   | Place    | Note
--------------------------------------------------------------
     0 | D:1      | timbw, the Human Summoner, began the quest for the Orb.
     0 | D:1      | Reached XP level 1. HP: 13/13 MP: 3/3
   156 | D:2      | Reached XP level 2. HP: 14/19 MP: 2/4
   165 | D:2      | Learned a level 2 spell: Call Imp
   242 | D:2      | Found a sparkling altar of Nemelex Xobeh.
   390 | D:3      | Reached XP level 3. HP: 21/24 MP: 1/6
   395 | D:3      | Learned a level 3 spell: Call Canine Familiar
   594 | D:4      | Noticed Dowan
   620 | D:4      | Killed Dowan
   686 | D:4      | Noticed a scorpion
   693 | D:4      | Reached XP level 4. HP: 30/30 MP: 2/9
   710 | D:4      | Noticed Duvessa
   726 | D:4      | Slain by Duvessa

Action                   |  1- 3 |  4- 6 || total
-------------------------+-------+-------++-------
Melee: Short sword       |    23 |     1 ||    24
       Dagger            |     8 |       ||     8
 Cast: Summon Small Mamm |     9 |       ||     9
       Call Imp          |    13 |     1 ||    14
       Call Canine Famil |     3 |     1 ||     4
  Use: Scroll            |     4 |       ||     4
 Stab: Sleeping          |     1 |       ||     1
       Distracted        |     1 |       ||     1
  Eat: Chunk             |     1 |       ||     1
